 Dungeon Crawl Stone Soup version 0.20.1-1-g8b1a95d (webtiles) character file.

177 karf the Gusty (level 5, -3/28 HPs)
             Began as a Tengu Air Elementalist on Oct 29, 2017.
             Killed by nerve-wracking pain
             ... invoked by an orc priest
              (13 damage)
             ... on level 3 of the Dungeon.
             The game lasted 00:07:36 (2399 turns).

karf the Gusty (Tengu Air Elementalist)             Turns: 2399, Time: 00:07:37

Health: -3/28      AC:  2    Str:  8    XL:     5   Next: 57%
Magic:  0/10       EV: 13    Int: 17    God:
Gold:   111        SH:  0    Dex: 14    Spells: 8/9 levels left

rFire    . . .     SeeInvis .   o - +0 dagger
rCold    . . .     Gourm    .   (no shield)
rNeg     . . .     Faith    .   a - +0 robe
rPois    .         Spirit   .   (helmet restricted)
rElec    .         Reflect  .   (no cloak)
rCorr    .         Harm     .   (no gloves)
MR       .....                  (boots unavailable)
Stlth    ++........             (no amulet)
Regen    0.1/turn               f - ring of wizardry
MPRegen  0.2/turn               (no ring)

@: very slightly contaminated
A: beak, talons 3, able to fly 1
a: Fly


You were on level 3 of the Dungeon.
You were not hungry.

You visited 1 branch of the dungeon, and saw 3 of its levels.

You collected 111 gold pieces.

Inventory:

Hand Weapons
 o - a +0 dagger (weapon)
Armour
 a - a +0 robe (worn)
Jewellery
 f - a ring of wizardry (left hand)
Wands
 p - a wand of polymorph (11/24)
Scrolls
 d - 3 scrolls of magic mapping {unknown}
 g - a scroll of amnesia {unknown}
 h - a scroll of identify {unknown}
 i - a scroll of random uselessness {unknown}
 n - 2 scrolls of remove curse {unknown}
Potions
 e - a potion of curing {unknown}
 j - a potion of resistance {unknown}
 k - a potion of haste {unknown}
 l - a potion of lignification {unknown}
 m - a potion of flight {unknown}
Books
 b - a book of Air

   Spells                             Type                      Level
   a - Shock                          Conjuration/Air              1
   b - Swiftness                      Charms/Air                   2
   c - Static Discharge               Conjuration/Air              3
   d - Airstrike                      Air                          4
   e - Lightning Bolt                 Conjuration/Air              5
Comestibles
 c - a bread ration


   Skills:
 + Level 3.2 Dodging
 + Level 3.3 Stealth
 + Level 2.6 Spellcasting
 + Level 3.3 Conjurations
 + Level 5.1 Air Magic


You had 8 spell levels left.
You knew the following spells:

 Your Spells              Type           Power        Failure   Level  Hunger
a - Shock                 Conj/Air       ###.         1%          1    #......


Dungeon Overview and Level Annotations

Branches:
Dungeon (3/15)

Altars:


Innate Abilities, Weirdness & Mutations

You have a beak for a mouth.
You have claws for feet.
You can fly.


Message History

Aim: an orc priest, wielding a hand axe (heavily wounded)
The zap hits the orc priest.
The orc priest is heavily wounded.
The zap hits the orc priest.
The orc priest is heavily wounded.
The orc priest shouts!
The orc priest calls upon Beogh to heal the orc priest.
The orc priest is healed somewhat.
The orc priest hits you with a hand axe!
You hit the orc priest. Your peck misses the orc priest.
The orc priest is severely wounded.
The orc priest barely misses you.
You hit the orc priest but do no damage.
The orc priest is severely wounded.
The orc priest barely misses you.
You hit the orc priest.
The orc priest is almost dead.
The orc priest invokes the aid of Beogh against you.
Pain shoots through your body!
You die...

.....................#
#..................#
#...........)####.##
#.###.###...#### #
#.#..........
#.#.#...#####
#.#)##.## #)#.##.#
#<#@##.# #.#o# .#
#.#o# .# #.#)# #.#.#
#.#.. ..### ###


You could see 2 orc priests.

Vanquished Creatures
  An orc wizard (D:3)
  Jessica (D:3)
  4 gnolls (D:2)
  An ooze (D:1)
  3 dart slugs
  3 leopard geckos
  3 orcs (D:3)
  11 bats
  5 giant cockroaches
  9 goblins
  8 hobgoblins
  6 jackals (D:1)
  A quokka (D:2)
  5 frilled lizards
  A kobold (D:1)
  3 rats
65 creatures vanquished.

Notes
Turn   | Place    | Note
-------+----------+-------------------------------------------
     0 | D:1      | karf the Tengu Air Elementalist began the quest for the Orb.
     0 | D:1      | Reached XP level 1. HP: 10/10 MP: 4/4
   173 | D:1      | Reached XP level 2. HP: 15/15 MP: 1/6
   510 | D:1      | Reached XP level 3. HP: 19/19 MP: 4/7
  1442 | D:1      | Reached XP level 4. HP: 24/24 MP: 5/8
  2104 | D:2      | Gained mutation: You can fly. [Tengu growth]
  2104 | D:2      | Reached XP level 5. HP: 15/28 MP: 0/9
  2278 | D:3      | Noticed Jessica
  2363 | D:3      | Killed Jessica
  2363 | D:3      | Reached skill level 5 in Air Magic
  2399 | D:3      | Killed from afar by an orc priest

Skill      XL: |  1  2  3  4  5 |
---------------+----------------+-----
Conjurations   | 2 3 |  3.3
Dodging        | 3 |  3.2
Stealth        | 3 |  3.3
Air Magic      | 5 |  5.1
Spellcasting   | |  2.6

Action                   |  1- 3 |  4- 6 || total
-------------------------+-------+-------++-------
Melee: Unarmed           |     5 |       ||     5
       Kick              |     1 |       ||     1
       Peck              |     1 |       ||     1
       Dagger            |       |     3 ||     3
 Cast: Shock             |    84 |    65 ||   149
 Stab: Sleeping          |     1 |       ||     1
  Eat: Chunk             |     3 |     3 ||     6
Armor: Robe              |     3 |     4 ||     7
Dodge: Dodged            |    10 |     8 ||    18
